 Dungeon Crawl Stone Soup version 0.28.0-53-g5a82cb258f (webtiles) character file.

Game seed: 4839714540808320362

168 NinjaNoafa the Chopper (level 5, -1/48 HPs)
             Began as a Hill Orc Fighter on Aug 22, 2022.
             Killed from afar by Sigmund (4 damage)
             ... with a magic dart
             ... on level 3 of the Dungeon.
             The game lasted 00:03:27 (2340 turns).

NinjaNoafa the Chopper (Hill Orc Fighter)           Turns: 2340, Time: 00:03:28

Health: -1/48      AC:  9    Str: 21    XL:     5   Next: 49%
Magic:  5/5        EV:  9    Int:  8    God:
Gold:   71         SH:  5    Dex: 10    Spells: 4/4 levels left

rFire   . . .      SeeInvis .   a - +0 war axe
rCold   + . .      Faith    .   c - +1 buckler
rNeg    . . .      Spirit   .   b - +0 scale mail
rPois   .          Reflect  .   k - +0 helmet
rElec   .          Harm     .   (no cloak)
rCorr   .          Rampage  .   (no gloves)
Will    .....                   l - +0 pair of boots
Stlth   ..........              (no amulet)
HPRegen 0.16/turn               h - ring of protection from cold
MPRegen 0.09/turn               (no ring)

@: mighty
A: no striking features
a: no special abilities


You were on level 3 of the Dungeon.
You visited 1 branch of the dungeon, and saw 3 of its levels.

You collected 71 gold pieces.

Inventory:

Hand Weapons
 a - a +0 war axe (weapon)
Missiles
 g - 62 stones (quivered)
Armour
 b - a +0 scale mail (worn)
 c - a +1 buckler (worn)
 k - a +0 helmet (worn)
 l - a +0 pair of boots (worn)
Jewellery
 h - a ring of protection from cold (left hand)
 i - a +6 ring of intelligence
Wands
 n - a wand of iceblast (1)
Scrolls
 e - a scroll of enchant armour
 f - a scroll of teleportation {unknown}
 j - 2 scrolls of identify {unknown}
 o - a scroll of immolation {unknown}


   Skills:
 - Level 5.0 Fighting
 - Level 5.0 Axes
 + Level 4.0 Armour
 + Level 4.0 Shields


You had 4 spell levels left.
You didn't know any spells.
Your spell library contained the following spells:

 Spells                   Type           Power      Damage    Failure   Level
 Freeze                   Ice            0%         1d3       83%         1
 Frozen Ramparts          Ice            0%         1d2       99%         3
 Hailstorm                Conj/Ice       0%         3d3       100%        4


Dungeon Overview and Level Annotations

Branches:
Dungeon (3/15)

Altars:
Dithmenos
Qazlal

Annotations:
D:3 Sigmund


Message History

Found a stone staircase leading down.
Found a whip.
There is a stone staircase leading down here.
You see here a +0 whip.
j - 2 scrolls labelled YSIMITHRODI (gained 1)
There is a stone staircase leading up here.
You see here a +0 short sword.
Sigmund the Dreaded comes into view.
He is wielding a +2 scythe of protection.
Sigmund mumbles some strange words.
Sigmund flickers and vanishes!
Deactivating autopickup; reactivate with Ctrl-A.
Something hits you.
You hit something but do no damage. Something hits you!
You closely miss something.
You hear some strange, mumbled words.
A magic dart appears from out of thin air!
The magic dart hits you!
You miss something.
You hear some strange, mumbled words.
A puff of flame appears from out of thin air!
The puff of flame hits you! Something hits you!
* * * LOW HITPOINT WARNING * * *
You feel very mighty all of a sudden.
You miss something. Something hits you!
* * * LOW HITPOINT WARNING * * *
It was a potion of curing.
You feel better. You block something's attack.
You hit something. You block something's attack.
You closely miss something. You miss something. Something hits you.
* * * LOW HITPOINT WARNING * * *
You barely miss something. Something hits you but does no damage.
You hit something. Something hits you!
* * * LOW HITPOINT WARNING * * *
As you read the scroll labelled QUDDOFULAY, it crumbles to dust.
It is a scroll of enchant armour.
Your +0 buckler glows green for a moment.
You hear some strange, mumbled words.
A magic dart appears from out of thin air!
The magic dart hits you.
You die...

# #..# # #... ..# # #. #.# #### #
###.### # ## ...## #. #..... #ยง
##. ....# .#.####....### #. ##.#
....###.#....#...... #####...
.............#...{# #......#
...##.######.#.#@# ##...#<#
#.###.######.#.#.# #####.# #.#
#............# #.# #.#
#..#####.)#### ######.#
#.###..#####..# #####.......
#.............########...........
.#.##..#####..##.......###.#.....
##..)...........####### #.#.##[#
#.#########..#..# #.#.##.#


There were no monsters in sight!

Vanquished Creatures
  Ijyb (D:3)
  Natasha (thrice) (D:2)
  2 adders
  A worm (D:3)
  4 endoplasms
  4 giant cockroaches
  3 goblins
  5 hobgoblins
  3 jackals (D:1)
  2 quokkas
  5 ball pythons
  3 bats
  7 frilled lizards
  2 kobolds (D:2)
  4 rats
49 creatures vanquished.

Vanquished Creatures (others)
  5 demonic plants (D:1)
  3 withered plants (D:1)
8 creatures vanquished.

Grand Total: 57 creatures vanquished

Notes
Turn   | Place    | Note
-------+----------+-------------------------------------------
     0 | D:1      | NinjaNoafa the Hill Orc Fighter began the quest for the
                  | Orb.
     0 | D:1      | Reached XP level 1. HP: 19/19 MP: 1/1
   210 | D:1      | Found a faded altar of an unknown god.
   395 | D:1      | Reached XP level 2. HP: 26/26 MP: 2/2
   817 | D:2      | Reached XP level 3. HP: 27/31 MP: 3/3
   901 | D:2      | Reached skill level 5 in Axes
  1184 | D:2      | Noticed Natasha
  1190 | D:2      | Killed Natasha
  1191 | D:2      | Reached XP level 4. HP: 34/41 MP: 4/4
  1357 | D:2      | Noticed Natasha
  1362 | D:2      | Killed Natasha
  1363 | D:2      | Reached skill level 5 in Fighting
  1556 | D:2      | Noticed Natasha
  1568 | D:2      | Killed Natasha
  1569 | D:2      | Reached XP level 5. HP: 40/48 MP: 5/5
  1731 | D:3      | Noticed Ijyb
  1741 | D:3      | Killed Ijyb
  2062 | D:3      | Found a stormy altar of Qazlal.
  2063 | D:3      | Found a shadowy altar of Dithmenos.
  2326 | D:3      | Noticed Sigmund
  2333 | D:3      | HP: 2/48 [something (7)]
  2339 | D:3      | HP: 2/48 [something (7)]
  2340 | D:3      | Killed from afar by Sigmund

Illustrated notes

Levels and vault maps discovered:
D:1:      dpeg_arrival_simpleton_c, layout_loops_corners,
          shapermc_ecumenical_altar_gd, st_stairs_5, nrook_mini_vaults
D:2:      cheibrodos_helix_gallery, layout_loops_ring, minmay_close_crescents,
          uniq_natasha
D:3:      due_chaos_kobolds, layout_loops_ring,
          mainiacjoe_overflow_catwalk_spiral, uniq_sigmund, uniq_ijyb

Skill      XL: |  1  2  3  4  5 |
---------------+----------------+-----
Axes           | 3 4 5 |  5.0
Fighting       | 4 5 |  5.0
Shields        | 4 |  4.0
Armour         | 4 |  4.0

Action                   |  1- 3 |  4- 6 || total
-------------------------+-------+-------++-------
Melee: War axe           |    85 |    45 ||   130
  Use: Potion            |       |     2 ||     2
       Scroll            |       |     1 ||     1
Armor: Scale mail        |    37 |    20 ||    57
Dodge: Dodged            |    39 |    10 ||    49
Block: Buckler           |    13 |    17 ||    30
